 Dungeon Crawl Stone Soup version 0.27-a0-223-ge082b6e869 (webtiles) character file.

Game seed: 1460751516773953429

198 runemasterragnar the Ruffian (level 5, -8/53 HPs)
             Began as a Troll Monk on Feb 1, 2021.
             Mangled by an orc
             ... wielding a +2 whip of electrocution
              (15 damage)
             ... on level 3 of the Dungeon.
             The game lasted 00:03:10 (1902 turns).

runemasterragnar the Ruffian (Troll Monk)           Turns: 1902, Time: 00:03:11

Health: -8/53      AC:  6    Str: 20    XL:     5   Next: 47%
Magic:  4/4        EV: 11    Int:  6    God:
Gold:   183        SH:  0    Dex: 12    Spells: 4/4 levels left

rFire    + . .     SeeInvis .     - Unarmed
rCold    . . .     Faith    .   (no shield)
rNeg     . . .     Spirit   .   a - +0 robe
rPois    .         Reflect  .   (helmet restricted)
rElec    .         Harm     .   (no cloak)
rCorr    .         Rampage  .   (gloves unavailable)
Will     .....     Rnd*Tele +   (boots unavailable)
Stlth    ++........             (no amulet)
HPRegen  0.57/turn              q - ring of teleportation (curse)
MPRegen  0.09/turn              (no ring)

@: no status effects
A: large, unfitting armour, claws 3, blink, fire resistance 1, regeneration 1,
shaggy fur 1, tough skin 3, evolution 1
a: Blink


You were on level 3 of the Dungeon.
You visited 1 branch of the dungeon, and saw 4 of its levels.

You collected 183 gold pieces.

Inventory:

Missiles
 c - 4 curare-tipped darts
 j - 3 atropa-tipped darts (quivered)
 k - 9 boomerangs
 r - 7 javelins
Armour
 a - a +0 robe (worn)
Jewellery
 n - an uncursed amulet of guardian spirit
 q - a cursed ring of teleportation (left claw)
Wands
 o - a wand of digging (5)
 p - a wand of mindburst (16)
Scrolls
 b - a scroll of identify
 e - a scroll of enchant weapon {unknown}
 i - 5 scrolls of teleportation
 l - a scroll of immolation {unknown}
 m - a scroll of enchant armour {unknown}
 s - a scroll of remove curse {unknown}
Potions
 d - 3 potions of cancellation
 f - a potion of might
 g - 3 potions of heal wounds
 h - a potion of brilliance {unknown}
 t - a potion of ambrosia {unknown}


   Skills:
 + Level 3.4 Fighting
 + Level 1.3 Throwing
 + Level 3.4 Dodging
 - Level 1.0 Stealth
 + Level 4.2 Unarmed Combat


You had 4 spell levels left.
You didn't know any spells.
Your spell library was empty.

Dungeon Overview and Level Annotations

Branches:
Dungeon (4/15)
 Temple: D:4-7

Altars:


Innate Abilities, Weirdness & Mutations

You are too large for most types of armour.
You have claws for hands.
Your natural rate of healing is unusually fast.
You are covered in fur. (AC +1)
You have extremely tough skin. (AC +3)
You can translocate small distances at will.
Your flesh is heat resistant. (rF+)
You evolve.


Message History

The orc priest invokes the aid of Beogh against you.
Pain shoots through your body!
There is a stone staircase leading up here.
The gnoll hits you from afar with a +0 spear!
* * * LOW HITPOINT WARNING * * *
The orc hits you with a cursed -1 morningstar.
* * * LOW HITPOINT WARNING * * *
The orc hits you but does no damage.
You climb upwards.
There is a stone staircase leading down here.
Okay, then.
You claw the orc!
You kill the orc!
The orc hits you but does no damage.
You closely miss the orc. You barely miss the orc.
The orc hits you with a +2 whip of electrocution.
* * * LOW HITPOINT WARNING * * *
You are electrocuted!
You die...

#....###..##
#.#
....†.....#
#.#
..<###...##
#.# #.##
##..# #.#
#.# ##.# #.#
#.# #.#
###.## ###
### #....#
#..o)#
#...@#
#....#
######


You could see an orc.

Vanquished Creatures
  An orc wizard (D:3)
  A worker ant (D:3)
  2 gnolls (D:4)
  5 adders
  2 worms (D:2)
  A dart slug (D:3)
  3 leopard geckos
  5 orcs
  8 bats
  3 giant cockroaches
  6 goblins
  5 hobgoblins
  6 jackals
  6 kobolds
  2 quokkas
  5 ball pythons
  8 frilled lizards
  6 rats
75 creatures vanquished.

Vanquished Creatures (others)
  A fungus (D:3)
1 creature vanquished.

Grand Total: 76 creatures vanquished

Notes
Turn   | Place    | Note
-------+----------+-------------------------------------------
     0 | D:1      | runemasterragnar the Troll Monk began the quest for the
                  | Orb.
     0 | D:1      | Reached XP level 1. HP: 22/22 MP: 0/0
   146 | D:1      | Reached XP level 2. HP: 29/29 MP: 1/1
   493 | D:2      | Reached XP level 3. HP: 36/36 MP: 2/2
   814 | D:2      | Reached XP level 4. HP: 35/45 MP: 3/3
  1402 | D:3      | Gained mutation: You can translocate small distances at
                  | will. [potion of mutation]
  1402 | D:3      | Gained mutation: You evolve. [potion of mutation]
  1402 | D:3      | Gained mutation: Your flesh is heat resistant. (rF+)
                  | [potion of mutation]
  1556 | D:3      | Reached skill level 1 in Throwing
  1556 | D:3      | Reached skill level 4 in Unarmed Combat
  1556 | D:3      | Reached XP level 5. HP: 48/53 MP: 4/4
  1902 | D:3      | Mangled by an orc

Illustrated notes

Levels and vault maps discovered:
D:1:      sevenhm_arrival_forest_fort_large_3, layout_rooms
D:2:      layout_loops_ring
D:3:      layout_rooms, minmay_shallow_snake_nest
D:4:      layout_cave_pods, serial_shops, shop, uniq_duvessa, uniq_pikel

Skill      XL: |  1  2  3  4 |
---------------+-------------+-----
Fighting       | 3 |  3.4
Dodging        | 3 |  3.4
Throwing       | 1 |  1.3
Unarmed Combat | 4 |  4.2
Stealth        | |  1.0

Action                   |  1- 3 |  4- 6 || total
-------------------------+-------+-------++-------
Melee: Unarmed           |    87 |    89 ||   176
       Punch             |     1 |       ||     1
  Use: Scroll            |       |     6 ||     6
       Potion            |       |     1 ||     1
 Stab: Sleeping          |     1 |     3 ||     4
Armor: Robe              |    23 |    29 ||    52
Dodge: Dodged            |    45 |    50 ||    95

Table legend: (Time is in decaauts)
 A = Elapsed time spent in this place.
 B = Non-inter-level travel time spent in this place.
 C = Inter-level travel time spent in this place.
 D = Time resting spent in this place.
 E = Time spent auto-exploring this place.
 F = Levels seen in this place.
 G = Mean time per level.
                   A        B        C        D        E       F      G
               +--------+--------+--------+--------+--------+-----+--------+
         Total |   1888 |   1757 |    131 |      0 |   1354 |   4 |  472.0 |
       Dungeon |   1888 |   1757 |    131 |      0 |   1354 |   4 |  472.0 |
               +--------+--------+--------+--------+--------+-----+--------+

Top non-repeatable levels by time:
     D:2: 779 daAuts
     D:3: 625 daAuts
     D:1: 473 daAuts
     D:4: 11 daAuts
